 Dungeon Crawl Stone Soup version 0.29-a0-72-g1732ff48e7 (webtiles) character file.

Game seed: 12014301484053546608

5198 lmSkywalker the Thaumaturge (level 10, -9/75 HPs)
             Began as a Djinni Fire Elementalist on Feb 3, 2022.
             Was an Initiate of Ashenzari.
             Mangled by a two-headed ogre (17 damage)
             ... on level 9 of the Dungeon.
             The game lasted 00:30:01 (11029 turns).

lmSkywalker the Thaumaturge (DjFE)                 Turns: 11029, Time: 00:30:01

Health: -9/75      AC:  8    Str:  6    XL:     10   Next: 91%
Gold:   517        EV: 14    Int: 21    God:    Ashenzari [......] SH:  0 Dex: 14

rFire   + + .      SeeInvis .   D - +2 spear (freeze)
rCold   . . .      Faith    .   (no shield)
rNeg    + . .      Spirit   .   w - +0 leather armour
rPois   ∞          Reflect  .   d - +1 helmet
rElec   .          Harm     .   n - +2 ratskin cloak {*Rats rPois rN+ Str-1 Int-1 Dex+1, Self, Range} (curse)
rCorr   .          Rampage  .   (no gloves)
Will    +....                   (boots unavailable)
Stlth   ++........              i - amulet of regeneration
HPRegen 1.02/turn               u - ring of protection from cold
MPRegen 0.00/turn               (no ring)

@: flying
A: sickness immunity, fire resistance 2, cold vulnerability 1, float, innate
caster, HP casting, extra vitality 1
a: Renounce Religion, Curse Item, Shatter the Chains


You were on level 9 of the Dungeon.
You worshipped Ashenzari.
Ashenzari was noncommittal.
You visited 2 branches of the dungeon, and saw 10 of its levels.

You collected 517 gold pieces.

Inventory:

Hand Weapons
 b - a +0 whip
 o - a +0 whip of pain
 q - a +0 whip of freezing
 D - a +2 spear of freezing (weapon)
Armour
 a - a +0 robe
 d - a +1 helmet (worn)
 n - the cursed +2 ratskin cloak (worn) {*Rats rPois rN+ Str-1 Int-1 Dex+1, Self, Range}
   (You found it on level 3 of the Dungeon)

   When the wearer is hurt, rats may emerge from it to assist them.
   Str:       It affects your strength (-1).
   Int:       It affects your intelligence (-1).
   Dex:       It affects your dexterity (+1).
   rPois:     It protects you from poison.
   rN:        It protects you from negative energy.
   It has a curse which improves the following skills: Introspection: Fighting
   and Spellcasting.
   Ranged Combat: Slings, Bows, Crossbows and Throwing.
 w - a +0 leather armour (worn)
Jewellery
 i - an amulet of regeneration (around neck)
 t - an amulet of the acrobat
 u - a ring of protection from cold (left hand)
Wands
 C - a wand of acid (5)
 G - a wand of mindburst (15)
Scrolls
 c - a scroll of enchant armour
 h - a scroll of teleportation
 j - 2 scrolls of magic mapping
 m - 2 scrolls of immolation
 s - a scroll of holy word {unknown}
 v - a scroll of enchant weapon
 x - a scroll of vulnerability {unknown}
 y - a scroll of brand weapon {unknown}
 E - a scroll of noise {unknown}
 F - a scroll of blinking {unknown}
Potions
 e - 3 potions of mutation
 f - a potion of curing {unknown}
 g - 3 potions of heal wounds
 k - 3 potions of lignification
 l - 2 potions of brilliance {unknown}
 p - 2 potions of berserk rage {unknown}
 r - a potion of cancellation {unknown}
 z - a potion of haste {unknown}
 A - 2 potions of ambrosia {unknown}
 B - a potion of magic {unknown}


   Skills:
 + Level 7.1(7.5) Fighting
 + Level 2.3 Armour
 + Level 8.2 Dodging
 - Level 1.5 Stealth
 + Level 9.0(9.5) Spellcasting


You had 5 spell levels left.
You knew the following spells:

 Your Spells              Type           Power      Damage    Failure   Level
a - Foxfire               Conj/Fire      100%       2x1d9     1%          1
b - Scorch                Fire           98%        2d10      1%          2
c - Animate Skeleton      Necr           98%        N/A       1%          1
d - Inner Flame           Hex/Fire       49%        N/A       1%          3
e - Flame Wave            Conj/Fire      49%        2d10      1%          4
f - Conjure Flame         Conj/Fire      49%        6-21      1%          3
g - Passwall              Tmut/Erth      40%        N/A       1%          2
h - Portal Projectile     Hex/Tloc       98%        N/A       1%          3
i - Fulminant Prism       Conj/Hex       24%        3d13      1%          4
Your spell library was empty.

Dungeon Overview and Level Annotations

Branches:
Dungeon (9/15)             Temple (1/1) D:6
   Lair: D:8-11         Orc: D:9-12

Altars:
Ashenzari
Cheibriados
Dithmenos
Elyvilon
Fedhas
Gozag
Hepliaklqana
Kikubaaqudgha
Makhleb
Nemelex Xobeh
Okawaru
Qazlal
Ru
Sif Muna
Trog
Uskayaw
Vehumet
Xom
Yredelemnul
Zin
The Shining One

Shops:
D:3 =

Annotations:
D:2 Sigmund


Innate Abilities, Weirdness & Mutations

You are immune to sickness and miasma.
You are immune to poison.
Your flesh is very heat resistant. (rF++)
You are vulnerable to cold. (rC-)
You float through the air rather than walking.
You learn spells naturally, not from books.
Your magical power is your life essence.
You have superior vitality. (+4 MHP)


Message History

You barely miss the two-headed ogre.
The two-headed ogre closely misses you. x2
There is an open door here.
The two-headed ogre hits you with a +0 giant club!
The two-headed ogre hits you with a +0 giant club.
Casting: Scorch (safe; 1% risk of failure)
Confirm with . or Enter, or press ? or * to list all spells.
Okay, then.
There is an open door here.
There is an open door here.
Casting: Scorch (safe; 1% risk of failure)
Confirm with . or Enter, or press ? or * to list all spells.
The fire begins to smoulder!
Casting: Conjure Flame (safe; 1% risk of failure)
Confirm with . or Enter, or press ? or * to list all spells.
The fire ignites!
You are engulfed in blazing flames.
You resist.
The two-headed ogre hits you with a +0 giant club.
The two-headed ogre barely misses you.
Casting: Conjure Flame (safe; 1% risk of failure)
Confirm with . or Enter, or press ? or * to list all spells.
Flames lash the two-headed ogre.
The two-headed ogre is lightly wounded.
The two-headed ogre's fire resistance burns away.
The two-headed ogre is engulfed in blazing flames.
Casting: Scorch (safe; 1% risk of failure)
Confirm with . or Enter, or press ? or * to list all spells.
The fire begins to smoulder!
The two-headed ogre hits you with a +0 giant club!!
A river rat scurries out from under your cloak.
The two-headed ogre barely misses you.
Casting: Conjure Flame (safe; 1% risk of failure)
Confirm with . or Enter, or press ? or * to list all spells.
The fire ignites!
* * * LOW HITPOINT WARNING * * *
You are engulfed in blazing flames.
You resist.
* * * LOW HITPOINT WARNING * * *
The two-headed ogre is no longer more vulnerable to fire.
The two-headed ogre hits you with a +0 giant club!
* * * LOW HITPOINT WARNING * * *
The two-headed ogre hits you with a +0 giant club!
You die...

+.... #.... ##### #####+###
#.......#
####.......#####################
#..'.......'.§O@r..<.........>..
##.##.....>.#####################
...##.......# .####.......# ##
#.......# #####.......#
............# ############# #


You could see a two-headed ogre (ally target) and a friendly river rat.

Vanquished Creatures
  A two-headed ogre (D:9)
  Pikel (D:4)
  A troll (D:5)
  Grinder (D:4)
  2 wyverns
  4 yaks (D:5)
  An ice beast (D:3)
  A sky beast (D:5)
  4 black bears
  A necrophage (D:5)
  5 ogres
  5 centaurs
  A lemure (D:4)
  3 bullfrogs
  2 scorpions
  A wyvern zombie (D:6)
  A wyvern skeleton (D:5)
  7 wights (D:7)
  4 howler monkeys
  3 hounds
  2 jellies (D:7)
  A bullfrog skeleton (D:5)
  A centaur skeleton (D:4)
  An orc priest (D:5)
  3 iguanas
  2 orc wizards (D:6)
  2 hound skeletons (D:5)
  A mummy (D:7)
  2 howler monkey zombies
  Robin (D:2)
  3 adders
  3 gnolls (D:4)
  A howler monkey skeleton (D:5)
  A white imp (D:8)
  An ufetubus (D:5)
  An adder skeleton (D:4)
  2 worms (D:3)
  3 dart slugs
  20 orcs
  2 endoplasms
  4 giant cockroaches
  12 goblins
  5 hobgoblins
  5 jackals
  4 kobolds
  5 quokkas
  10 ball pythons
  6 bats
  2 frilled lizards
  2 hobgoblin zombies (D:7)
  2 orc zombies (D:7)
159 creatures vanquished.

Vanquished Creatures (collateral kills)
  A gnoll (D:4)
  An orc (D:4)
2 creatures vanquished.

Vanquished Creatures (others)
  431 foxfires
  3 plants (D:3)
434 creatures vanquished.

Grand Total: 595 creatures vanquished

Notes
Turn   | Place    | Note
-------+----------+-------------------------------------------
     0 | D:1      | lmSkywalker the Djinni Fire Elementalist began the quest
                  | for the Orb.
     0 | D:1      | Reached XP level 1. HP: 15/15 MP: 0/0
   104 | D:1      | Reached XP level 2. HP: 15/21 MP: 0/0
   538 | D:1      | Reached skill level 3 in Spellcasting
   757 | D:1      | Found a faded altar of an unknown god.
   949 | D:1      | Reached XP level 3. HP: 25/25 MP: 0/0
   949 | D:1      | Learned a level 1 spell: Animate Skeleton
  1179 | D:2      | Noticed Robin
  1190 | D:2      | Killed Robin
  1675 | D:2      | Noticed Sigmund
  1687 | D:2      | HP: 1/25 [Sigmund/magic dart (5)]
  2087 | D:3      | Reached XP level 4. HP: 22/31 MP: 0/0
  2394 | D:3      | Noticed an ice beast
  2511 | D:3      | Killed an ice beast
  2512 | D:3      | Reached skill level 4 in Spellcasting
  2512 | D:3      | Reached XP level 5. HP: 26/35 MP: 0/0
  2512 | D:3      | Learned a level 2 spell: Passwall
  2733 | D:3      | Found Ocadwuq's Jewellery Emporium.
  3091 | D:3      | Found the +2 ratskin cloak {*Rats rPois rN+ Str-1 Int-1
                  | Dex+1}
  3728 | D:4      | Reached skill level 5 in Spellcasting
  3728 | D:4      | Reached XP level 6. HP: 33/40 MP: 0/0
  4203 | D:4      | Noticed Grinder
  4203 | D:4      | Paralysed by Grinder for 3 turns
  4602 | D:4      | Killed Grinder
  4603 | D:4      | Reached skill level 6 in Spellcasting
  4603 | D:4      | Reached XP level 7. HP: 38/45 MP: 0/0
  4603 | D:4      | Learned a level 3 spell: Portal Projectile
  4994 | D:4      | Noticed Pikel
  5013 | D:4      | Killed Pikel
  5014 | D:4      | Reached skill level 7 in Spellcasting
  5014 | D:4      | Reached XP level 8. HP: 18/50 MP: 0/0
  5325 | D:5      | Entered Level 5 of the Dungeon
  5594 | D:5      | Noticed a yak
  5594 | D:5      | Noticed a yak
  5601 | D:5      | Noticed a yak
  5605 | D:5      | Killed a yak
  5610 | D:5      | Noticed a yak
  5637 | D:5      | Killed a yak
  5638 | D:5      | Reached skill level 8 in Spellcasting
  5638 | D:5      | Killed a yak
  5639 | D:5      | Reached XP level 9. HP: 36/55 MP: 0/0
  5639 | D:5      | Learned a level 4 spell: Fulminant Prism
  5866 | D:5      | Reached skill level 1 in Fighting
  6041 | D:5      | HP: 2/58 [centaur/arrow (8)]
  6859 | D:5      | Noticed a troll
  7173 | D:5      | Reached skill level 5 in Dodging
  7304 | D:5      | Killed a troll
  7480 | D:5      | Reached XP level 10. HP: 68/69 MP: 0/0
  7690 | D:6      | Reached skill level 5 in Fighting
  7792 | D:6      | Found a staircase to the Ecumenical Temple.
  7798 | Temple   | Entered the Ecumenical Temple
  8076 | Temple   | Became a worshipper of Ashenzari the Shackled
  9766 | D:8      | Found a shimmering altar of Xom.
  9766 | D:8      | Found a hide-covered altar of Uskayaw.
  9930 | D:8      | Reached skill level 1 in Armour
 10803 | D:9      | Noticed a two-headed ogre
 10818 | D:9      | Killed a two-headed ogre
 10819 | D:9      | Reached skill level 9 in Spellcasting
 11001 | D:9      | Noticed a two-headed ogre
 11029 | D:9      | Mangled by a two-headed ogre

Illustrated notes

Levels and vault maps discovered:
D:1:      heliophobic_arrival_ceremonial_halls, layout_basic,
          chequers_ecumenical_altar_grove, serial_curves, eino_curves_02,
          eino_curves_04, eino_curves_02
D:2:      layout_rooms, uniq_robin, uniq_crazy_yiuf_cottage, uniq_sigmund
D:3:      layout_rooms, serial_shops, shop, serial_forest,
          infiniplex_forest_lined_3, infiniplex_forest_end_1,
          infiniplex_forest_end_1, infiniplex_forest_clump_long,
          infiniplex_forest_clump_double, infiniplex_forest_straight_1,
          infiniplex_forest_straight_2, infiniplex_forest_clump_curved
D:4:      layout_gridville, uniq_grinder, uniq_pikel
D:5:      cheibrodos_barr_body, layout_basic
D:6:      layout_rooms, minmay_temple_entry_fiery
D:7:      layout_loops_corners, minmay_mini_ossuary
D:8:      layout_basic, chequers_temple_overflow_statue_of_worship
D:9:      layout_roguey, lemuel_flamethrower_2, uniq_joseph
Temple:   mainiacjoe_temple_cubbyholes

Skill      XL: |  1  2  3  4  5  6  7  8  9 10 |
---------------+-------------------------------+-----
Spellcasting   | 3 4 5 6 7 8 9 |  9.0
Fighting       | 4 7 |  7.1
Dodging        | 5 8 |  8.2
Armour         | 2 |  2.3
Stealth        | |  1.5

Action                   |  1- 3 |  4- 6 |  7- 9 | 10-12 || total
-------------------------+-------+-------+-------+-------++-------
Melee: Whip              |    16 |    21 |    13 |       ||    50
       Spear             |       |       |       |     6 ||     6
 Cast: Foxfire           |    31 |    61 |    79 |    90 ||   261
       Scorch            |    20 |    16 |    55 |    56 ||   147
       Animate Skeleton  |       |     3 |       |       ||     3
       Conjure Flame     |       |     1 |    14 |    13 ||    28
       Flame Wave        |       |       |     1 |       ||     1
       Passwall          |       |       |       |     2 ||     2
Invok: Curse Item        |       |       |       |     1 ||     1
  Use: Scroll            |       |     2 |     1 |     4 ||     7
 Stab: Sleeping          |       |     3 |       |       ||     3
Armor: Robe              |    13 |    11 |    14 |     1 ||    39
       Leather armour    |       |       |       |     5 ||     5
Dodge: Dodged            |    15 |    20 |    25 |    18 ||    78

Table legend: (Time is in decaauts)
 A = Elapsed time spent in this place.
 B = Non-inter-level travel time spent in this place.
 C = Inter-level travel time spent in this place.
 D = Time resting spent in this place.
 E = Time spent auto-exploring this place.
 F = Levels seen in this place.
 G = Mean time per level.
                   A        B        C        D        E       F      G
               +--------+--------+--------+--------+--------+-----+--------+
         Total |  11044 |  10491 |    553 |   2555 |   5054 |  10 | 1104.4 |
       Dungeon |  10723 |  10212 |    511 |   2555 |   4791 |   9 | 1191.4 |
        Temple |    321 |    279 |     42 |      0 |    263 |   1 |  321.0 |
               +--------+--------+--------+--------+--------+-----+--------+

Top non-repeatable levels by time:
     D:4: 1917 daAuts
     D:5: 1846 daAuts
     D:3: 1770 daAuts
     D:1: 1708 daAuts
     D:7: 1160 daAuts
     D:8: 933 daAuts
     D:6: 543 daAuts
     D:2: 461 daAuts
     D:9: 381 daAuts
  Temple: 321 daAuts
